 Dungeon Crawl Stone Soup version 0.18.1-8-gdd0e5ea (webtiles) character file.

1500 georgeearnest the Ruffian (level 8, 0/80 HPs)
             Began as a Troll Monk on May 28, 2016.
             Was a Believer of Nemelex Xobeh.
             Succumbed to a killer bee's poison
             ... on level 8 of the Dungeon.
             The game lasted 00:15:41 (4671 turns).

georgeearnest the Ruffian (Troll Monk)              Turns: 4671, Time: 00:15:42

Health: 0/80       AC: -2    Str: 20    XL:     8   Next: 52%
Magic:  7/7        EV: 12    Int:  6    God:    Nemelex Xobeh [**....]
Gold:   281        SH:  0    Dex: 14    Spells: 0 memorised, 7 levels left

rFire  . . .     SeeInvis .       - Unarmed
rCold  . . .     Gourm    +     a - +0 robe
rNeg   + . .     Faith    .     (no shield)
rPois  .         Spirit   .     (helmet restricted)
rElec  .         Dismiss  .     r - +0 cloak
rCorr  .         Reflect  .     (gloves unavailable)
SustAt .         Harm     .     (boots unavailable)
MR     .....                    (no amulet)
Stlth  +++.......               l - ring of positive energy
                                k - ring of stealth

@: lethally poisoned (0 -> -11), corroded, not resistant to hostile
enchantments, fairly stealthy
A: unfitting armour, claws 3, fast metabolism 3, gourmand, regeneration 2,
shaggy fur 1, tough skin 2
a: Renounce Religion


You were on level 8 of the Dungeon.
You worshipped Nemelex Xobeh.
Nemelex Xobeh was pleased with you.
You were very full.

You visited 2 branches of the dungeon, and saw 9 of its levels.
You also visited: Ossuary.

You collected 281 gold pieces.

Inventory:

Armour
 a - a +0 robe (worn)
 r - a +0 cloak (worn)
Jewellery
 d - a +3 amulet of reflection {unknown}
 k - a ring of stealth (left claw)
 l - a ring of positive energy (right claw)
 p - an uncursed amulet of magic regeneration {unknown}
 y - an uncursed amulet of regeneration {unknown}
Wands
 w - a wand of digging (7/24)
Scrolls
 c - 3 scrolls of fog {unknown}
 e - a scroll of immolation {unknown}
 f - 2 scrolls of identify {unknown}
 h - a scroll of teleportation {unknown}
 i - 4 scrolls of magic mapping {unknown}
 j - 2 scrolls of recharging {unknown}
 n - 3 scrolls of enchant armour {unknown}
 q - 2 scrolls of blinking {unknown}
 u - 2 scrolls of remove curse {unknown}
 x - a scroll of enchant weapon {unknown}
 H - 2 scrolls of random uselessness {unknown}
Potions
 o - a potion of magic {unknown}
 s - 2 potions of ambrosia
 v - 2 potions of degeneration {unknown}
 z - 2 potions of brilliance {unknown}
 C - 2 potions of cure mutation {unknown}
 D - 2 potions of mutation {unknown}
 F - 2 potions of cancellation
Miscellaneous
 B - a plain deck of destruction
Comestibles
 b - 6 bread rations
 g - 6 beef jerkies
 m - 2 meat rations
 t - 3 fruits


   Skills:
 + Level 5.0 Fighting
 + Level 5.8 Dodging
 + Level 2.6 Stealth
 + Level 6.8 Unarmed Combat
 + Level 0.3 Evocations


You had 7 spell levels left.
You didn't know any spells.

Dungeon Overview and Level Annotations

Branches:
Dungeon (8/15)             Temple (1/1) D:7
   Lair: D:8-11

Altars:
Dithmenos
Elyvilon
Gozag
Kikubaaqudgha
Makhleb
Nemelex Xobeh
Okawaru
Pakellas
Qazlal
Ru
Sif Muna
Trog
Vehumet
Xom
Zin

Shops:
D:7 [

Annotations:
D:4 manyhoops's ghost, amateur DgCj
D:6 Nanban's ghost, novice TrSk
D:7 Joseph


Innate Abilities, Weirdness & Mutations

You are too large for most types of armour.
You have claws for hands.
Your metabolism is lightning-fast.
You like to eat raw meat.
You heal very quickly.
You are covered in fur (AC +1).
You have very tough skin (AC +2).


Message History

Drink which item? (? for menu, Esc to quit)
You feel better. The killer bee barely misses you. The killer bee stings you.
* * * LOW HITPOINT WARNING * * *
You are poisoned.
The killer bee poisons you! The killer bee stings you!
* * * LOW HITPOINT WARNING * * *
You are more poisoned.
The killer bee poisons you! The killer bee stings you.
* * * LOW HITPOINT WARNING * * *
You are lethally poisoned!
The killer bee poisons you!
* * * LOW HITPOINT WARNING * * *
You feel sick. The killer bee stings you.
* * * LOW HITPOINT WARNING * * *
You are more poisoned.
The killer bee poisons you!
Read which item? (? for menu, Esc to quit)
Okay, then.
You die...
Your body glows slightly and disappears.

####### #.....# #
#.....#.. ..$#######
#.......#
.........###<.......
.......@.yyy......##
...##.####y#........
.. ...#.....##. ##
..########## ##


You could see 4 killer bees.

Vanquished Creatures
  A hippogriff (D:7)
  A black bear (D:7)
  An ice beast (D:7)
  An ogre (D:4)
  A centaur (D:7)
  An elf zombie (Ossuary)
  A giant frog (D:7)
  A scorpion (D:7)
  2 crimson imps
  Crazy Yiuf (D:6)
  A centaur zombie (Ossuary)
  2 giant frog skeletons (D:7)
  5 orc wizards
  A human zombie (Ossuary)
  2 jellies
  Terence (D:3)
  Natasha (thrice) (D:2)
  2 worker ants
  A killer bee zombie (D:7)
  2 mummies (Ossuary)
  7 adders
  3 adder zombies (Ossuary)
  An adder skeleton (D:6)
  3 worms
  A giant gecko (D:2)
  20 orcs
  7 bats
  4 giant cockroaches
  4 goblins
  8 hobgoblins
  11 jackals
  3 quokkas
  2 ball pythons (D:1)
  5 giant newts
  2 goblin zombies (Ossuary)
  10 hobgoblin zombies (Ossuary)
  8 kobold zombies (Ossuary)
  9 orc zombies (Ossuary)
  10 rats
  2 rat zombies (Ossuary)
151 creatures vanquished.

Vanquished Creatures (collateral kills)
  2 orc wizards (D:7)
2 creatures vanquished.

Vanquished Creatures (others)
  An orc (D:7)
  A rat (D:3)
2 creatures vanquished.

Grand Total: 155 creatures vanquished

Notes
Turn   | Place    | Note
--------------------------------------------------------------
     0 | D:1      | georgeearnest the Troll Monk began the quest for the Orb.
     0 | D:1      | Reached XP level 1. HP: 22/22 MP: 0/0
   305 | D:1      | Reached XP level 2. HP: 22/29 MP: 1/1
   715 | D:2      | Noticed Natasha
   721 | D:2      | Killed Natasha
   721 | D:2      | Reached XP level 3. HP: 36/36 MP: 2/2
  1131 | D:2      | Noticed Natasha
  1155 | D:2      | Killed Natasha
  1155 | D:2      | Reached XP level 4. HP: 22/44 MP: 3/3
  1278 | D:2      | Noticed Natasha
  1285 | D:2      | Killed Natasha
  1345 | D:2      | Found a sacrificial altar of Ru.
  1396 | D:3      | Noticed Terence
  1430 | D:3      | Reached XP level 5. HP: 34/53 MP: 4/4
  1439 | D:3      | Killed Terence
  1439 | D:3      | Reached skill level 5 in Unarmed Combat
  1700 | D:3      | Found an opulent altar of Gozag.
  1825 | D:3      | Found a shadowy altar of Dithmenos.
  1825 | D:3      | Found a white marble altar of Elyvilon.
  1826 | D:3      | Found a stormy altar of Qazlal.
  1827 | D:3      | Found an iron altar of Okawaru.
  1827 | D:3      | Found a sacrificial altar of Ru.
  1829 | D:3      | Found an ancient bone altar of Kikubaaqudgha.
  2160 | D:3      | Reached XP level 6. HP: 61/61 MP: 5/5
  2348 | D:4      | Noticed manyhoops's ghost (amateur DgCj)
  2532 | D:4      | Noticed an orc warrior
  2570 | D:5      | Entered Level 5 of the Dungeon
  2762 | D:6      | Noticed Crazy Yiuf
  2767 | D:6      | Killed Crazy Yiuf
  3007 | D:6      | Found a shimmering altar of Xom.
  3009 | D:6      | Found a shimmering altar of Xom.
  3009 | D:6      | Found a shimmering altar of Xom.
  3010 | D:6      | Found a shimmering altar of Xom.
  3095 | D:6      | Noticed Nanban's ghost (novice TrSk)
  3195 | D:7      | Reached XP level 7. HP: 37/68 MP: 6/6
  3316 | D:7      | Found Jauj's Armour Emporium.
  3345 | D:7      | Reached skill level 6 in Unarmed Combat
  3445 | D:7      | Found a staircase to the Ecumenical Temple.
  3460 | D:7      | Noticed a hippogriff
  3464 | Temple   | Entered the Ecumenical Temple
  3547 | Temple   | Became a worshipper of Nemelex Xobeh the Trickster
  3547 | Temple   | Received a gift from Nemelex Xobeh
  3547 | Temple   | Reached * piety under Nemelex Xobeh
  3547 | Temple   | Reached ** piety under Nemelex Xobeh
  3637 | D:7      | Killed a hippogriff
  3637 | D:7      | Reached skill level 5 in Dodging
  3637 | D:7      | Reached XP level 8. HP: 50/79 MP: 7/7
  3710 | D:7      | Found a deep blue altar of Sif Muna.
  3743 | D:7      | Found a sand-covered staircase.
  3757 | Ossuary  | Entered an ossuary
  3929 | Ossuary  | Received a gift from Nemelex Xobeh
  4309 | D:7      | Reached skill level 5 in Fighting
  4651 | D:7      | Noticed Joseph
  4670 | D:8      | HP: 2/80 [killer bee (3)]
  4671 | D:8      | Succumbed to a killer bee's poison

Skill      XL: |  1  2  3  4  5  6  7  8 |
---------------+-------------------------+-----
Dodging        | 3 4 5 |  5.8
Fighting       | 3 4 5 |  5.0
Unarmed Combat | 5 6 |  6.8
Stealth        | 2 |  2.6
Evocations     | |  0.3

Action                   |  1- 3 |  4- 6 |  7- 9 || total
-------------------------+-------+-------+-------++-------
Melee: Unarmed           |    88 |   181 |   214 ||   483
       Punch             |     3 |     3 |     7 ||    13
Evoke: Deck              |       |       |     5 ||     5
  Use: Potion            |       |     6 |     4 ||    10
 Stab: Sleeping          |     4 |     3 |     4 ||    11
  Eat: Chunk             |    16 |    16 |    16 ||    48
Armor: Robe              |    34 |    61 |    78 ||   173
Dodge: Dodged            |    48 |   104 |   160 ||   312
